 Dungeon Crawl Stone Soup version 0.31-a0-180-g519b7de00c (webtiles) character file.

Game seed: 7961398630324182430

564 qw the Shield-Bearer (level 7, -6/43 HPs)
             Began as a Gargoyle Fighter on June 19, 2023.
             Mangled by a yak (12 damage)
             ... on level 5 of the Dungeon.
             The game lasted 00:01:29 (3505 turns).

qw the Shield-Bearer (Gargoyle Fighter)             Turns: 3505, Time: 00:01:29

Health: -6/43      AC: 12    Str: 26    XL:     7   Next: 32%
Magic:  7/7        EV:  9    Int:  8    God:
Gold:   277        SH:  8    Dex:  9    Spells: 6/6 levels left

rFire   . . .        j - +7 war axe of Iconoclasm {venom, rPois rC++ Str+4}
rCold   + + .        h - +0 kite shield
rNeg    + . .        b - +0 scale mail
rPois   inf          k - +1 hat
rElec   +            (no cloak)
rCorr   +            (no gloves)
SInv    .            (no boots)
Will    .....        (no amulet) Stlth
                     f - ring of resist corrosion
HPRegen 0.27/turn    (no ring)
MPRegen 0.10/turn

%: no passive effects
@: no status effects
A: sickness immunity, AC +4, negative energy resistance 1, electricity
resistance, torment resistance 1, petrification resistance
a: no special abilities


You were on level 5 of the Dungeon.
You visited 2 branches of the dungeon, and saw 6 of its levels.

You collected 277 gold pieces.


Innate Abilities, Weirdness & Mutations

You are immune to sickness and miasma.
Your stone body is resilient. (AC +4)
You are immune to poison.
You resist negative energy. (rN+)
You are resistant to electric shocks. (rElec)
You are resistant to unholy torment.
You are immune to petrification.


   Skills:
 - Level 4.1 Fighting
 + Level 5.2 Axes
 - Level 3.2 Armour
 - Level 1.6 Dodging
 - Level 5.5 Shields


You had 6 spell levels left.
You didn't know any spells.
Your spell library was empty.

Inventory:

Hand Weapons
 j - the +7 war axe of Iconoclasm (weapon) {venom, rPois rC++ Str+4}
   (You acquired it on level 3 of the Dungeon)

   Str:       It affects your strength (+4).
   rC:        It greatly protects you from cold.
   rPois:     It protects you from poison.
 n - a +0 war axe
 o - a +0 flail
Missiles
 g - 6 boomerangs (quivered)
Armour
 b - a +0 scale mail (worn)
 h - a +0 kite shield (worn)
 k - a +1 hat (worn)
 m - a +0 chain mail
Jewellery
 f - a ring of resist corrosion (left hand)
 s - a ring of resist corrosion
Scrolls
 l - 2 scrolls of identify
 q - a scroll of enchant weapon {unknown}
 r - a scroll of butterflies {unknown}
Potions
 a - a potion of enlightenment {unknown}
 c - a potion of mutation {unknown}
 d - 3 potions of might
 e - 2 potions of curing
 i - a potion of attraction {unknown}
 p - 2 potions of lignification {unknown}

Dungeon Overview and Level Annotations

Branches:
Dungeon (5/15)             Temple (1/1) D:4

Altars:
Ashenzari
Cheibriados
Fedhas
Gozag
Hepliaklqana
Kikubaaqudgha
Makhleb
Nemelex Xobeh
Qazlal
Ru
Sif Muna
Uskayaw
Vehumet
Wu Jian
Xom
Zin

Shops:
D:4 (


Message History

Enter note:
Enter note:
Enter note:
Enter note: You throw a boomerang.
The boomerang hits the yak.
The yak is lightly wounded.
You throw a boomerang. The boomerang barely misses the yak.
A yak comes into view.
You throw a boomerang. The boomerang barely misses the yak.
You throw a boomerang.
The boomerang hits the yak but does no damage.
The yak is lightly wounded.
A yak comes into view.
The yak gores you!
A yak comes into view.
You barely miss the yak.
The yak is lightly wounded.
The yak bellows! x2
You slash the ogre!
The ogre looks as sick as possible!
The yak barely misses you. The ogre barely misses you.
You barely miss the ogre.
The ogre is heavily wounded.
You slash the yak!
The yak is poisoned.
A yak comes into view.
The yak closely misses you.
The ogre hits you with a +0 giant spiked club!!
Ouch! That really hurt!
The yak closely misses you.
A yak comes into view.
The yak bellows! x2
You slash the yak!
The yak looks even sicker.
The yak is severely wounded.
You closely miss the yak. You hit the ogre. The yak closely misses you.
You block the ogre's attack. The yak gores you but does no damage.
You slash the yak!
You kill the yak!
You completely miss the yak. You barely miss the ogre. The yak gores you!
You die...

#......##......#...##......#
#....#....##..............#
##.........#...###........#
####.##............###.##.....
.........###........#...#.....
.........#...........##......#
.....................#.......#
##...##.......................
#........#..@O.........#....#
#...<....#..Y%...(.....#.....
+....##.....................#
#.... #..###.YY.............#
..#...... ...Y.............#
.. ....< .................#
##.. #..Y........###...
###........ #... ... #...


You could see 5 yaks and an ogre (very poisoned).

Vanquished Creatures
  A yak (D:5)
  An ogre (D:4)
  4 scorpions
  2 iguanas
  Jessica (D:2)
  An orc wizard (D:4)
  Ijyb (D:4)
  4 adders
  2 worms
  7 orcs
  8 endoplasms
  5 giant cockroaches
  8 hobgoblins
  5 kobolds
  5 quokkas
  4 ball pythons
  6 bats
  5 frilled lizards
  4 goblins
  8 rats
82 creatures vanquished.

Notes
Turn   | Place    | Note
-------+----------+-------------------------------------------
     0 | D:1      | qw the Gargoyle Fighter began the quest for the Orb.
     0 | D:1      | Reached XP level 1. HP: 14/14 MP: 1/1
     0 | D:1      | 0 ||| qw: Version: 0.3-a-7-ge0c9b40
     0 | D:1      | 0 ||| qw: Game counter: 1031
     0 | D:1      | 0 ||| qw: Always use a shield: true
     0 | D:1      | 0 ||| qw: God list: Okawaru
     0 | D:1      | 0 ||| qw: Allow faded altars: false
     0 | D:1      | 0 ||| qw: Do Orc after D:15 true
     0 | D:1      | 0 ||| qw: Do second Lair branch before Depths: true
     0 | D:1      | 0 ||| qw: Lair rune preference: random
     0 | D:1      | 0 ||| qw: Plans: Normal, Zot:1-4, Slime:5, God:TSO, Crypt,
                  | Tomb, Abyss, Pan, Hells, Win
     0 | D:1      | 0 ||| PLANNING D:1-11
   346 | D:1      | Reached XP level 2. HP: 19/19 MP: 2/2
   932 | D:1      | 932 ||| UPGRADING to ring of resist corrosion.
   933 | D:1      | 933 ||| DROPPING ring of wizardry.
   934 | D:1      | 934 ||| READING scroll labelled YSU XINUBA.
   992 | D:2      | Reached skill level 3 in Axes
  1066 | D:2      | Reached XP level 3. HP: 23/23 MP: 3/3
  1141 | D:2      | Found a faded altar of an unknown god.
  1280 | D:2      | Noticed Jessica
  1281 | D:2      | 1281 ||| Stepping ~*~*~tactically~*~*~ (hiding).
  1286 | D:2      | Killed Jessica
  1287 | D:2      | Reached XP level 4. HP: 20/28 MP: 4/4
  1370 | D:2      | 1370 ||| DROPPING +0 club.
  1697 | D:2      | 1697 ||| UPGRADING to +0 kite shield.
  1707 | D:2      | 1707 ||| DROPPING +0 buckler.
  1708 | D:2      | 1708 ||| READING scroll labelled USHRAA JISACI.
  1773 | D:3      | Identified the +8 spear of Dioza {freeze, rN+ Str+5 Int-3
                  | Dex-2}
  1844 | D:3      | Found a broken altar of Ashenzari.
  2102 | D:3      | 2102 ||| Stepping ~*~*~tactically~*~*~ (stealth).
  2118 | D:3      | Noticed a scorpion
  2123 | D:3      | Killed a scorpion
  2124 | D:3      | Reached XP level 5. HP: 32/32 MP: 5/5
  2149 | D:3      | 2149 ||| Stepping ~*~*~tactically~*~*~ (stealth).
  2150 | D:3      | 2150 ||| Stepping ~*~*~tactically~*~*~ (stealth).
  2276 | D:3      | Found a sparkling altar of Nemelex Xobeh.
  2385 | D:3      | 2385 ||| Stepping ~*~*~tactically~*~*~ (stealth).
  2387 | D:3      | 2387 ||| Stepping ~*~*~tactically~*~*~ (hiding).
  2389 | D:3      | 2389 ||| Stepping ~*~*~tactically~*~*~ (hiding).
  2402 | D:3      | 2402 ||| DROPPING +0 whip.
  2451 | D:3      | 2451 ||| UPGRADING to +1 hat.
  2456 | D:3      | 2456 ||| DROPPING +3 leather armour of poison resistance.
  2457 | D:3      | 2457 ||| READING scroll labelled EGGIM USEALIS.
  2457 | D:3      | Identified a scroll of acquirement
  2457 | D:3      | 2457 ||| ACQUIRING +7 war axe of Iconoclasm {venom, rPois
                  | rC++ Str+4}
  2457 | D:3      | Acquired the +7 war axe of Iconoclasm {venom, rPois rC++
                  | Str+4}
  2459 | D:3      | 2459 ||| SWAPPING to +7 war axe of Iconoclasm {venom, rPois
                  | rC++ Str+4}.
  2460 | D:3      | 2460 ||| READING scroll labelled AXZUAZ BAWU.
  2461 | D:3      | 2461 ||| DRINKING 2 cyan potions.
  2583 | D:4      | Found Kovekofa's Weapon Shoppe.
  2599 | D:4      | 2599 ||| SHOPLISTING +3 broad axe of electrocution (297
                  | gold, have 218).
  2604 | D:4      | 2604 ||| Stepping ~*~*~tactically~*~*~ (hiding).
  2605 | D:4      | 2605 ||| Stepping ~*~*~tactically~*~*~ (hiding).
  2607 | D:4      | 2607 ||| Stepping ~*~*~tactically~*~*~ (hiding).
  2699 | D:4      | Noticed Ijyb
  2703 | D:4      | Killed Ijyb
  2704 | D:4      | Reached XP level 6. HP: 37/37 MP: 6/6
  2715 | D:4      | Found a staircase to the Ecumenical Temple.
  2716 | D:4      | 2716 ||| PLANNING TEMPLE
  2725 | Temple   | Entered the Ecumenical Temple
  2912 | Temple   | 2912 ||| PLANNING D:1-11
  2912 | Temple   | 2912 ||| READING scroll labelled ASUCYA BOGOGO.
  3072 | D:4      | 3072 ||| Stepping ~*~*~tactically~*~*~ (stealth).
  3073 | D:4      | 3073 ||| Stepping ~*~*~tactically~*~*~ (stealth).
  3105 | D:4      | Reached skill level 1 in Dodging
  3109 | D:4      | 3109 ||| Stepping ~*~*~tactically~*~*~ (stealth).
  3110 | D:4      | 3110 ||| Stepping ~*~*~tactically~*~*~ (stealth).
  3169 | D:4      | Reached XP level 7. HP: 42/42 MP: 7/7
  3355 | D:4      | 3355 ||| READING scroll labelled ONYHYIV XYREUX.
  3367 | D:5      | Entered Level 5 of the Dungeon
  3497 | D:5      | Noticed a yak
  3499 | D:5      | Noticed a yak
  3501 | D:5      | Noticed a yak
  3501 | D:5      | Noticed a yak
  3503 | D:5      | Noticed a yak
  3503 | D:5      | HP: 6/43 [ogre/+0 giant spiked club (28)]
  3503 | D:5      | Noticed a yak
  3505 | D:5      | Killed a yak
  3505 | D:5      | Mangled by a yak

Levels and vault maps discovered:
D:1:      dpeg_arrival_lava_temple_mockup, layout_basic
D:2:      layout_loops_ring, shapermc_ecumenical_altar_ellora, uniq_jessica
D:3:      layout_loops_cross, cheibrodos_ashenzari_chains, marbit_many_paths
D:4:      layout_loops_cross, minmay_temple_entry_arrows, serial_shops, shop,
          uniq_ijyb
D:5:      layout_cave_pools, lemuel_doored_altar, nicolae_shop_overcharged_wands
Temple:   nicolae_temple_bog_church

Skill      XL: |  1  2  3  4  5  6  7 |
---------------+----------------------+-----
Axes           | 2 3 4 5 |  5.2
Shields        | 4 5 |  5.5
Dodging        | 1 |  1.6
Fighting       | 4 |  4.1
Armour         | |  3.2

Action                     |  1- 3 |  4- 6 |  7- 9 || total
---------------------------+-------+-------+-------++-------
  Melee: War axe           |    61 |   121 |    12 ||   194
  Throw: Boomerang         |    31 |    64 |    15 ||   110
    Use: Scroll            |     1 |     4 |     1 ||     6
         Potion            |       |     1 |       ||     1
 Armour: Scale mail        |    33 |    52 |     4 ||    89
  Dodge: Dodged            |    24 |    46 |     8 ||    78
  Block: Buckler           |     6 |     3 |       ||     9
         Kite shield       |       |    31 |     6 ||    37

Table legend:
 A = Non-vault XP
 B = Vault XP
 C = Vault XP percentage of total XP
 D = Non-vault monster count
 E = Vault monster count
 F = Vault count percentage of total count
                 A         B        C        D         E       F
            +---------+---------+-------+---------+---------+-------
      Total |     927 |      75 |   7.5 |      79 |       3 |   3.7
            +---------+---------+-------+---------+---------+-------
        D:1 |      29 |       0 |   0.0 |      18 |       0 |   0.0
        D:2 |      42 |      37 |  46.8 |      18 |       1 |   5.3
        D:3 |     167 |       2 |   1.2 |      20 |       1 |   4.8
        D:4 |     365 |      36 |   9.0 |      19 |       1 |   5.0
        D:5 |     324 |       0 |   0.0 |       4 |       0 |   0.0
            +---------+---------+-------+---------+---------+-------
